 Dungeon Crawl Stone Soup version 0.17-a0-1475-g9f81d98 (console) character file.

65 Monkaria the Poker (level 3, -1/30 HPs)
             Began as a Minotaur Wanderer on July 2, 2015.
             Succumbed to Terence's poison
             ... on level 3 of the Dungeon.
             The game lasted 00:03:22 (1555 turns).

Monkaria the Poker (Minotaur Wanderer)              Turns: 1555, Time: 00:03:22

Health: -1/30      AC:  6    Str: 18      XL:     3   Next: 92%
Magic:  2/2        EV: 12    Int:  9 (13) God:
Gold:   203        SH:  0    Dex:  9      Spells: 0 memorised, 2 levels left

rFire  . . .     SeeInvis .     c - +0 spear
rCold  . . .     Clarity  .     e - +0 robe
rNeg   . . .     SustAt   .     (no shield)
rPois  .         Gourm    .     (helmet restricted)
rElec  .         Spirit   .     l - +0 cloak
rCorr  .         Warding  .     q - +2 pair of gloves
rMut   .         Stasis   .     (no boots)
MR     .....                    (no amulet)
Stlth  ++........               (no ring)
                                (no ring)

@: brilliant, lethally poisoned (-1 -> -32), flying, very slightly contaminated,
hasted, very quick, not resistant to hostile enchantments, unstealthy
A: retaliatory headbutt, horns 2
a: no special abilities


You were on level 3 of the Dungeon.
You were not hungry.

You visited 1 branch of the dungeon, and saw 3 of its levels.

You collected 203 gold pieces.

Inventory:

Hand weapons
 a - a +2 dagger
 c - a +0 spear (weapon)
 s - a +2 dagger of electrocution
Armour
 e - a +0 robe (worn)
 l - a +0 cloak (worn)
 q - a +2 pair of gloves (worn)
Scrolls
 b - a scroll of fear
 d - 5 scrolls of teleportation
 h - 5 scrolls of identify {unknown}
 o - a scroll of noise {unknown}
 r - 2 scrolls of remove curse {unknown}
 t - a scroll of magic mapping {unknown}
 u - a scroll of immolation {unknown}
 x - 2 scrolls of enchant armour {unknown}
Potions
 g - a potion of haste
 i - a potion of degeneration
 j - a potion of resistance {unknown}
 m - 3 potions of brilliance
 v - a potion of agility {unknown}
 z - a potion of heal wounds {unknown}
 C - a potion of might {unknown}
Comestibles
 f - 3 bread rations
 k - a meat ration
 w - a beef jerky
 A - 4 fruits
 B - a chunk of flesh


   Skills:
 - Level 2.4 Fighting
 + Level 4.3 Polearms
 - Level 1.0 Throwing
 - Level 2.1 Dodging
 - Level 3.2 Stealth
   Level 1.2 Shields


You had 2 spell levels left.
You didn't know any spells.

Dungeon Overview and Level Annotations

Branches:
Dungeon (3/15)

Altars:
Cheibriados

Annotations:
D:3 Terence


Innate Abilities, Weirdness & Mutations

You reflexively headbutt those who attack you in melee.
You have a pair of horns on your head.


Message History

* * * LOW HITPOINT WARNING * * *
You feel very sick.
You are very lightly contaminated with residual magic.
Drink which item? (? for menu, Esc to quit)
It was a potion of degeneration.
There was something very wrong with that liquid.
You feel dopey.
* * * LOW HITPOINT WARNING * * *
You feel sick. Terence closely misses you.
Drink which item? (? for menu, Esc to quit)
It was a potion of flight.
You feel very buoyant.
You fly up into the air.
* * * LOW HITPOINT WARNING * * *
You feel sick. Terence says, "How do you enjoy it?" Terence misses you.
Drink which item? (? for menu, Esc to quit)
It was a potion of magic.
Magic courses through your body.
You die...

### ..## #..### ....
########.##########.
)....@.@...........
#########.##.....#
#..#.....#
##.#.....# #.#.....#
## #.......# .#
##......# .#
#......# .######.
#......#


You could see Terence.

Vanquished Creatures
  3 adders
  4 orcs (D:3)
  3 hobgoblins
  4 jackals (D:1)
  8 kobolds
  2 ball pythons
  A bat (D:3)
  2 giant newts
  6 goblins
  4 rats
37 creatures vanquished.

Notes
Turn   | Place    | Note
--------------------------------------------------------------
     0 | D:1      | Monkaria the Minotaur Wanderer began the quest for the Orb.
     0 | D:1      | Monkaria set off with: a +2 dagger, a scroll of fear, a +0 spear, a scroll of teleportation, a +0 robe, a bread ration
     0 | D:1      | Reached XP level 1. HP: 18/18 MP: 0/0
    18 | D:1      | Reached skill level 1 in Polearms
   238 | D:1      | Reached XP level 2. HP: 25/25 MP: 1/1
   955 | D:2      | Reached XP level 3. HP: 30/30 MP: 2/2
  1348 | D:3      | Found a snail-covered altar of Cheibriados.
  1434 | D:3      | Reached skill level 4 in Polearms
  1535 | D:3      | Noticed Terence
  1554 | D:3      | HP: 1/30 [poisoned by Terence]
  1555 | D:3      | Succumbed to Terence's poison

Vault maps used:
D:1:      minmay_arrival_four_circles
D:2:      minmay_kobold_bridge
D:3:      nicolae_overflow_crystal_walls, uniq_terence, uniq_natasha

Action                   || total
-------------------------++-------
Melee: Spear             ||   131
  Use: Potion            ||     5
 Stab: Sleeping          ||     1
  Eat: Chunk             ||     2
